 Dungeon Crawl Stone Soup version 0.23-b1-13-gf37ab262a9 (webtiles) character file.

Game seed: 859945546317534960

199 Morbidden the Cutter (level 5, 0/42 HPs)
             Began as a Demonspawn Monk on Feb 3, 2019.
             Killed from afar by an orc wizard (10 damage)
             ... with a puff of flame
             ... on level 4 of the Dungeon.
             The game lasted 00:03:46 (2738 turns).

Morbidden the Cutter (Demonspawn Monk)              Turns: 2738, Time: 00:03:48

Health: 0/42       AC:  6    Str: 16    XL:     5   Next: 48%
Magic:  5/5        EV: 19    Int: 13    God:
Gold:   107        SH:  0    Dex: 20    Spells: 4/4 levels left

rFire    . . .     SeeInvis .   g - +3 dagger
rCold    . . .     Gourm    .   (no shield)
rNeg     . . .     Faith    .   b - +0 robe
rPois    .         Spirit   .   (no helmet)
rElec    .         Reflect  .   (no cloak)
rCorr    .         Harm     .   (no gloves)
MR       .....                  h - +0 pair of boots
Stlth    ++++......             (no amulet)
HPRegen  0.14/turn              (no ring)
MPRegen  0.09/turn              (no ring)

@: mighty, agile
A: molten scales 2, powered by pain 1
a: no special abilities


You were on level 4 of the Dungeon.
You were very hungry.

You visited 1 branch of the dungeon, and saw 4 of its levels.

You collected 107 gold pieces.

Inventory:

Hand Weapons
 g - a +3 dagger (weapon)
Armour
 b - a +0 robe (worn)
 h - a +0 pair of boots (worn)
Wands
 e - a wand of flame (14)
 n - a wand of random effects (20)
Scrolls
 d - a scroll of teleportation {unknown}
 i - a scroll of amnesia
 k - 3 scrolls of identify
 m - a scroll of magic mapping {unknown}
 o - a scroll of enchant armour {unknown}
 p - a scroll of remove curse {unknown}
Potions
 f - 2 potions of resistance
 j - 2 potions of curing
 l - a potion of agility
Comestibles
 c - 10 rations


   Skills:
 + Level 3.9 Fighting
 + Level 4.1 Short Blades
 + Level 3.6 Dodging
 + Level 2.8 Stealth


You had 4 spell levels left.
You didn't know any spells.
Your spell library was empty.

Dungeon Overview and Level Annotations

Branches:
Dungeon (4/15)
 Temple: D:4-7

Altars:
Trog


Innate Abilities, Weirdness & Mutations

You are mostly covered in molten scales. (AC +3)
You sometimes gain a little power by taking damage.


Message History

The orc wizard is moderately wounded.
The orc wizard hits you with a +0 dagger.
Something barely misses you.
The orc wizard points at you and mumbles some strange words.
The puff of flame hits you.
* * * LOW HITPOINT WARNING * * *
You hit the orc wizard but do no damage.
The orc wizard is severely wounded.
The orc wizard hits you but does no damage.
Something barely misses you.
The orc wizard hits you with a +0 dagger.
* * * LOW HITPOINT WARNING * * *
Unknown command.
It was a potion of might.
You feel very mighty all of a sudden. The orc wizard completely misses you.
You hear some strange, mumbled words.
A puff of flame appears from out of thin air!
The puff of flame hits you!
You die...

.#...##.#.##........#
####÷###
.#........####>.....#
####...†... ##......###
######.###.......... #......#
#..##..........
##....########
#..##.....#'### #...........#
#..##.....#.#
#....######.#####...#.....#.#
###### #............#.#
#@o..........#.#
#{o..........#.#
.......o...........#.#
...............#####.#
...............# #.#
.......#######.# #.# .......
+# #.# ....... #.# .......
....... #.#


You could see 2 orc wizards and an orc.

Vanquished Creatures
  A hound (D:4)
  A centaur skeleton (D:4)
  Ijyb (D:4)
  4 adders
  An ooze (D:3)
  An adder skeleton (D:4)
  2 dart slugs
  3 leopard geckos (D:4)
  3 orcs
  A ball python (D:1)
  A giant cockroach (D:2)
  6 goblins
  5 hobgoblins
  12 jackals
  6 kobolds
  2 quokkas
  5 bats
  4 frilled lizards
  2 rats
61 creatures vanquished.

Notes
Turn   | Place    | Note
-------+----------+-------------------------------------------
     0 | D:1      | Morbidden the Demonspawn Monk began the quest for the Orb.
     0 | D:1      | Reached XP level 1. HP: 18/18 MP: 1/1
   236 | D:1      | Gained mutation: You are partially covered in molten
                  | scales. (AC +2) [demonic ancestry]
   236 | D:1      | Reached XP level 2. HP: 21/24 MP: 2/2
   443 | D:1      | Reached skill level 3 in Short Blades
  1350 | D:3      | Gained mutation: You are mostly covered in molten scales.
                  | (AC +3) [demonic ancestry]
  1350 | D:3      | Reached XP level 3. HP: 29/29 MP: 3/3
  1618 | D:3      | Reached XP level 4. HP: 34/35 MP: 4/4
  1651 | D:3      | Found a bloodstained altar of Trog.
  2272 | D:4      | Noticed Ijyb
  2325 | D:4      | Killed Ijyb
  2333 | D:4      | Gained mutation: You sometimes gain a little power by
                  | taking damage. [demonic ancestry]
  2333 | D:4      | Reached XP level 5. HP: 33/42 MP: 5/5
  2466 | D:4      | Reached skill level 4 in Short Blades
  2738 | D:4      | Killed from afar by an orc wizard

Skill      XL: |  1  2  3  4  5 |
---------------+----------------+-----
Short Blades   | 3 4 |  4.1
Dodging        | 3 |  3.6
Stealth        | 2 |  2.8
Fighting       | |  3.9

Action                   |  1- 3 |  4- 6 || total
-------------------------+-------+-------++-------
Melee: Short sword       |    44 |       ||    44
       Dagger            |    95 |   157 ||   252
  Use: Scroll            |     3 |       ||     3
       Potion            |       |     2 ||     2
 Stab: Sleeping          |     3 |     2 ||     5
       Distracted        |     1 |       ||     1
  Eat: Chunk             |     2 |     3 ||     5
Armor: Robe              |    28 |    34 ||    62
Dodge: Dodged            |    84 |    93 ||   177
